 Dungeon Crawl Stone Soup version 0.30-a0-6-g7c9e10e132 (webtiles) character file.

Game seed: 8727701871548658999

72 Zeldest the Chucker (level 4, 0/38 HPs)
             Began as a Meteoran Wanderer on Aug 22, 2022.
             Was an Initiate of Makhleb.
             Splashed by a jelly's acid (8 damage)
             ... on level 5 of the Dungeon.
             The game lasted 00:06:46 (1145 turns).

Zeldest the Chucker (Meteoran Wanderer)             Turns: 1145, Time: 00:06:46

Health: 0/38       AC:  0    Str: 17    XL:     4   Next: 79%
Magic:  9/9        EV: 12    Int: 13    God:    Makhleb [......]
Gold:   139        SH:  0    Dex: 18    Spells: 6/8 levels left

rFire   . . .      SeeInvis .    a - +3 dagger
rCold   . . .      Faith    .    (no shield)
rNeg    . . .      Spirit   .    d - +0 robe
rPois   +          Reflect  .    k - +0 helmet
rElec   .          Harm     .    q - +0 cloak
rCorr   .          Rampage  .    (no gloves)
Will    .....                    (no boots)
Stlth   +.........               (no amulet)
HPRegen 0.12/turn                i - +6 ring of strength
MPRegen 0.11/turn                l - ring of poison resistance

@: corroded, glowing
A: sense surroundings 1, otherworldly, glowing, explore regen
a: Renounce Religion


You were on level 5 of the Dungeon.
You worshipped Makhleb.
Makhleb was noncommittal.
You visited 1 branch of the dungeon, and saw 5 of its levels.

You collected 139 gold pieces.

Inventory:

Hand Weapons
 a - a +3 dagger (weapon)
Missiles
 b - 4 curare-tipped darts (quivered)
 f - 10 poisoned darts
Armour
 d - a +0 robe (worn)
 k - a +0 helmet (worn)
 q - a +0 cloak (worn)
Jewellery
 i - a +6 ring of strength (left hand)
 l - a ring of poison resistance (right hand)
Scrolls
 e - a scroll of teleportation {unknown}
 h - 3 scrolls of identify {unknown}
 j - 2 scrolls of butterflies {unknown}
 r - a scroll of enchant armour {unknown}
 t - 2 scrolls of magic mapping {unknown}
 u - a scroll of acquirement {unknown}
Potions
 c - 2 potions of curing
 g - a potion of flight {unknown}
 m - a potion of attraction {unknown}
 n - a potion of berserk rage {unknown}
 o - a potion of degeneration {unknown}
 p - 3 potions of resistance {unknown}
 s - a potion of cancellation {unknown}
 v - a potion of might {unknown}


   Skills:
 + Level 3.2 Fighting
 - Level 3.6 Throwing
 - Level 1.2 Dodging
 - Level 1.0 Stealth
 + Level 2.9 Spellcasting
 + Level 2.8 Air Magic
 + Level 1.5 Invocations


You had 6 spell levels left.
You knew the following spells:

 Your Spells              Type           Power      Damage    Failure   Level
a - Poisonous Vapours     Pois/Air       10%        N/A       19%         2

Your spell library contained the following spells:

 Spells                   Type           Power      Damage    Failure   Level
 Static Discharge         Conj/Air       5%         3-4/arc   19%         2
 Fulminant Prism          Conj/Hex       0%         3d6       93%         4
 Iskenderun's Mystic Bla  Conj/Tloc      1%         2d3       93%         4
 Lee's Rapid Deconstruct  Erth           0%         3d5*      100%        5


Dungeon Overview and Level Annotations

Branches:
Dungeon (5/15) Zot: 1853
 Temple: D:4-7

Altars:
Hepliaklqana
Makhleb
Ru

Shops:
D:2 (


Innate Abilities, Weirdness & Mutations

You passively map a small area around you.
You are easily found by Zot.
You glow in the dark.
You regain HP and MP as you explore.


Message History

The adder closely misses you.
You hit the adder.
The adder is severely wounded.
You feel sick.
You are no longer poisoned.
The adder bites you.
You hit the adder.
The adder is almost dead.
The adder bites you but does no damage.
You hit the adder.
You kill the adder!
Makhleb accepts your kill.
You see here an adder corpse.
You see here a scroll labelled UFUNKO VIOV.
u - a scroll labelled UFUNKO VIOV You see here 11 gold pieces.
You now have 139 gold pieces (gained 11).
You see here a puce potion.
v - a puce potion
There is a stone staircase leading down here.
You climb downwards.
The jelly hits you but does no damage.
There is a stone staircase leading up here.
You hit the jelly. The acid corrodes you!
Your hands burn!
The jelly is heavily wounded.
The jelly jiggles.
The jelly hits you.
You are splashed with acid!
You hit the jelly.
Your hands burn!
The jelly is severely wounded.
The jelly hits you.
You are splashed with acid!
You hit the jelly.
Your hands burn!
* * * LOW HITPOINT WARNING * * *
The jelly is almost dead.
The jelly barely misses you.
You hit the jelly but do no damage.
Your hands burn!
* * * LOW HITPOINT WARNING * * *
The jelly is almost dead.
The jelly hits you.
* * * LOW HITPOINT WARNING * * *
You are splashed with acid!
You die...

#.##.#..#.# ,
* #[...#....#
* ######.####
, , ##* #.#
>,, .. #.# * ,
,, #J ###.# ,
#. #...# * ,*
#. #.### ,*,
,* ,
#.##.#@### *,
, ##.#..J...#
, #.......#.#
*#.......#...*
*#.###........
#. #.#.#....#
# ..#.#....#
*####.# ...# ,
, , .. ...*


You could see a jelly.

Vanquished Creatures
  2 adders
  A worm (D:2)
  A dart slug (D:2)
  6 ball pythons
  2 bats (D:1)
  7 endoplasms
  2 giant cockroaches (D:2)
  A hobgoblin (D:2)
  8 jackals
  4 kobolds
  A quokka (D:4)
  A frilled lizard (D:2)
  3 goblins
  3 rats
  A spectral kobold (D:1)
43 creatures vanquished.

Notes
Turn   | Place    | Note
-------+----------+-------------------------------------------
     0 | D:1      | Zeldest the Meteoran Wanderer began the quest for the Orb.
     0 | D:1      | Zeldest set off with the following items: a +3 dagger, 4
                  | curare-tipped darts, a potion of curing, a +0 robe; and the
                  | following spells available to memorise: Poisonous Vapours,
                  | Static Discharge.
     0 | D:1      | Reached XP level 1. HP: 17/17 MP: 3/3
   131 | D:1      | Reached XP level 2. HP: 15/25 MP: 5/5
   285 | D:2      | Reached XP level 3. HP: 29/30 MP: 7/7
   440 | D:2      | Found Welia's Antique Weapon Boutique.
   480 | D:1      | Found a faded altar of an unknown god.
   505 | D:1      | Learned a level 2 spell: Poisonous Vapours
   624 | D:2      | Reached XP level 4. HP: 21/38 MP: 8/8
   934 | D:4      | Found a burning altar of Makhleb.
   934 | D:4      | Found a hazy altar of Hepliaklqana.
   938 | D:4      | Became a worshipper of Makhleb the Destroyer
  1032 | D:4      | Found a sacrificial altar of Ru.
  1059 | D:5      | Entered Level 5 of the Dungeon
  1145 | D:5      | Splashed by a jelly's acid

Illustrated notes

Levels and vault maps discovered:
D:1:      wheals_arrival_linesprint, layout_basic,
          dreamdust_ecumenical_altar_drowned_temple
D:2:      layout_basic, serial_shops, nicolae_shop_behind_doors, minivault_26
D:3:      layout_loops_corners, saegor_snake_ambush
D:4:      layout_basic, gammafunk_temple_overflow_wave,
          mainiacjoe_overflow_catwalk, minmay_temple_entry_statues_fountains,
          minmay_circle_x
D:5:      layout_basic, minmay_fractal_squares_5

Skill      XL: |  1  2  3 |
---------------+----------+-----
Spellcasting   | 2 |  2.9
Air Magic      | 2 |  2.8
Fighting       | 3 |  3.2
Throwing       | |  3.6
Dodging        | |  1.2
Stealth        | |  1.0
Invocations    | |  1.5

Action                   |  1- 3 |  4- 6 || total
-------------------------+-------+-------++-------
Melee: Dagger            |    89 |    59 ||   148
Throw: Dart              |     2 |       ||     2
 Cast: Poisonous Vapours |       |     2 ||     2
Armor: Robe              |    35 |    18 ||    53
Dodge: Dodged            |    55 |    33 ||    88

Table legend: (Time is in decaauts)
 A = Elapsed time spent in this place.
 B = Non-inter-level travel time spent in this place.
 C = Inter-level travel time spent in this place.
 D = Time resting spent in this place.
 E = Time spent auto-exploring this place.
 F = Levels seen in this place.
 G = Mean time per level.
                   A        B        C        D        E       F      G
               +--------+--------+--------+--------+--------+-----+--------+
         Total |   1145 |   1130 |     15 |      0 |      0 |   5 |  229.0 |
       Dungeon |   1145 |   1130 |     15 |      0 |      0 |   5 |  229.0 |
               +--------+--------+--------+--------+--------+-----+--------+

Top non-repeatable levels by time:
     D:2: 344 daAuts
     D:4: 324 daAuts
     D:1: 307 daAuts
     D:3: 118 daAuts
     D:5: 50 daAuts
